 Dungeon Crawl Stone Soup version 0.30-a0-760-g5a9884bb7c (webtiles) character file.

Game seed: 4062227053100463399

64 dolemite99 the Magician (level 4, -7/34 HPs)
             Began as a Djinni Earth Elementalist on Feb 11, 2023.
             Mangled by a gnoll
             ... wielding a +0 halberd
              (11 damage)
             ... on level 2 of the Dungeon.
             The game lasted 00:02:06 (1036 turns).

dolemite99 the Magician (Djinni Earth Elementalist) Turns: 1036, Time: 00:02:07

Health: -7/34      AC:  3    Str:  7    XL:     4   Next: 32%
Gold:   21         EV: 12    Int: 19    God:
                   SH:  0    Dex: 13

rFire   + + .      SeeInvis .    d - +0 dagger
rCold   x . .      Faith    .    (no shield)
rNeg    . . .      Spirit   .    a - +1 robe
rPois   ∞          Reflect  .    (no helmet)
rElec   .          Harm     .    (no cloak)
rCorr   .          Rampage  .    (no gloves)
Will    .....                    (boots unavailable)
Stlth   ++                       (no amulet)
HPRegen 0.25/turn                (no ring)
MPRegen 0.00/turn                (no ring)

@: flying
A: sickness immunity, fire resistance 2, cold vulnerability 1, float, innate
caster, HP casting, extra vitality 1
a: no special abilities


You were on level 2 of the Dungeon.
You visited 1 branch of the dungeon, and saw 2 of its levels.

You collected 21 gold pieces.

Inventory:

Hand Weapons
 c - a +0 whip
 d - a +0 dagger (weapon)
 e - a +0 sling
Armour
 a - a +1 robe (worn)
Scrolls
 f - a scroll of teleportation {unknown}
 h - a scroll of silence {unknown}
 i - a scroll of identify {unknown}
Potions
 b - a potion of magic


   Skills:
 * Level 2.9 Fighting
 - Level 2.1 Dodging
 - Level 1.5 Stealth
 + Level 2.9 Spellcasting


You couldn't memorise any spells.
You knew the following spells:

 Your Spells              Type           Power      Damage    Failure   Level
a - Sandblast             Erth           28%        2d8       4%          1
b - Passwall              Tmut/Erth      11%        N/A       7%          2
c - Stone Arrow           Conj/Erth      28%        3d8       14%         3
d - Petrify               Tmut/Erth      14%        N/A       41%         4
e - Slow                  Hex            56%        N/A       4%          1
Your spell library was empty.

Dungeon Overview and Level Annotations

Branches:
Dungeon (2/15)

Altars:

Shops:
D:1 *

Annotations:
D:2 1 runed translucent door, Crazy Yiuf


Innate Abilities, Weirdness & Mutations

You are immune to sickness and miasma.
You are immune to poison.
Your flesh is very heat resistant. (rF++)
You are vulnerable to cold. (rC-)
You float through the air rather than walking.
You learn spells naturally, not from books.
Your magical power is your life essence.
You have superior vitality. (+4 MHP)


Message History

A ball python is nearby!
You start resting.
HP restored.
A gnoll comes into view. It is wielding a +0 halberd.
Unknown command.
The gnoll shouts!
You hear a shout!
The gnoll hits you from afar with a +0 halberd!
A gnoll comes into view. It is wielding a +0 club.
Casting: Sandblast (safe; 4% risk of failure)
Confirm with . or Enter, or press ? or * to list all spells.
Aiming: Sandblast (safe; 4% risk of failure)
Press: ? - help, Shift-Dir - straight line, f - gnoll
Aim: a gnoll, wielding a +0 halberd (84% to hit)
The blast of sand hits the gnoll.
The gnoll is moderately wounded.
The gnoll hits you but does no damage.
Casting: Sandblast (safe; 4% risk of failure)
Confirm with . or Enter, or press ? or * to list all spells.
Aiming: Sandblast (safe; 4% risk of failure)
Press: ? - help, Shift-Dir - straight line, f/p - gnoll
Aim: a gnoll, wielding a +0 halberd (moderately wounded, 84% to hit)
The blast of sand hits the gnoll!
The gnoll is heavily wounded.
The gnoll attacks as you move away! The gnoll hits you with a +0 club!
Okay, then.
Casting: Sandblast (safe; 4% risk of failure)
Confirm with . or Enter, or press ? or * to list all spells.
Aiming: Sandblast (safe; 4% risk of failure)
Press: ? - help, Shift-Dir - straight line, f/p - gnoll
Aim: a gnoll, wielding a +0 halberd (moderately wounded, 84% to hit)
The blast of sand misses the gnoll. x2; The gnoll hits you with a +0 club.
* * * LOW HITPOINT WARNING * * *
The gnoll hits you but does no damage.
The gnoll hits you from afar with a +0 halberd.
* * * LOW HITPOINT WARNING * * *
As you read the scroll labelled MADEMIARIC, it crumbles to dust.
It is a scroll of enchant armour.
Your +0 robe glows green for a moment.
The gnoll hits you from afar with a +0 halberd!
You die...

#####.#.#.# #.....#
###.### #.# #.# #.#
#####.###
#.......############
#.............@gg..#
#......###########.#
#......# #......#
#......# #......#
#......# #######


You could see 2 gnolls.

Vanquished Creatures
  Jessica (D:2)
  An adder (D:2)
  A dart slug (D:1)
  3 bats
  4 endoplasms (D:1)
  A giant cockroach (D:1)
  2 goblins (D:1)
  2 hobgoblins (D:1)
  4 kobolds (D:1)
  2 quokkas (D:1)
  A ball python (D:1)
  A frilled lizard (D:2)
  2 rats (D:1)
25 creatures vanquished.

Notes
Turn   | Place    | Note
-------+----------+-------------------------------------------
     0 | D:1      | dolemite99 the Djinni Earth Elementalist began the quest
                  | for the Orb.
     0 | D:1      | dolemite99 set off with the following spells memorised:
                  | Sandblast, Passwall, Stone Arrow, Petrify.
     0 | D:1      | Reached XP level 1. HP: 15/15 MP: 0/0
   196 | D:1      | Reached skill level 1 in Fighting
   200 | D:1      | Reached XP level 2. HP: 21/22 MP: 0/0
   483 | D:1      | Reached XP level 3. HP: 25/28 MP: 0/0
   483 | D:1      | Learned a level 1 spell: Slow
   521 | D:1      | Found Ocliox's Assorted Antiques.
   916 | D:2      | Found a runed translucent door.
   917 | D:2      | Noticed Crazy Yiuf
   943 | D:2      | Noticed Jessica
   950 | D:2      | Killed Jessica
   951 | D:2      | Reached XP level 4. HP: 23/34 MP: 0/0
  1036 | D:2      | Mangled by a gnoll

Illustrated notes

Levels and vault maps discovered:
D:1:      minmay_arrival_checkered_box, layout_loops_ring, serial_shops, shop
D:2:      minmay_diamond_boxcup, layout_basic, amcnicky_mini_corridor_feature,
          chequers_arboretum, uniq_jessica, uniq_terence,
          uniq_crazy_yiuf_cottage

Skill      XL: |  1  2  3 |
---------------+----------+-----
Fighting       | 1 2 |  2.9
Dodging        | |  2.1
Stealth        | |  1.5
Spellcasting   | |  2.9

Action                     |  1- 3 |  4- 6 || total
---------------------------+-------+-------++-------
  Melee: Dagger            |     2 |       ||     2
   Cast: Sandblast         |    30 |     5 ||    35
    Use: Scroll            |       |     1 ||     1
 Armour: Robe              |     3 |     2 ||     5
  Dodge: Dodged            |    12 |     1 ||    13

Table legend: (Time is in decaauts)
 A = Elapsed time spent in this place.
 B = Non-inter-level travel time spent in this place.
 C = Inter-level travel time spent in this place.
 D = Time resting spent in this place.
 E = Time spent auto-exploring this place.
 F = Levels seen in this place.
 G = Mean time per level.
                   A        B        C        D        E       F      G
               +--------+--------+--------+--------+--------+-----+--------+
         Total |   1052 |   1003 |     49 |    168 |    623 |   2 |  526.0 |
       Dungeon |   1052 |   1003 |     49 |    168 |    623 |   2 |  526.0 |
               +--------+--------+--------+--------+--------+-----+--------+

Top non-repeatable levels by time:
     D:1: 921 daAuts
     D:2: 131 daAuts
